 Dungeon Crawl Stone Soup version 0.32-a0-818-gb728d02 (webtiles) character file.

Game seed: 4424570845872132856

67 Dorkslayer the Trooper (level 4, -5/31 HPs)
             Began as an Octopode Fighter on Mar 24, 2024.
             Slain by a gnoll
             ... wielding a +2 whip of electrocution
              (8 damage)
             ... on level 3 of the Dungeon.
             The game lasted 00:02:33 (1329 turns).

Dorkslayer the Trooper (Octopode Fighter)           Turns: 1329, Time: 00:02:34

Health: -5/31      AC:  1    Str: 17    XL:     4   Next: 18%
Magic:  4/4        EV: 12    Int: 10    God:
Gold:   61         SH:  4    Dex: 11    Spells: 3/3 levels left

rFire   . . .        a - +0 war axe (elec)
rCold   . . .        b - +0 buckler
rNeg    . . .        (helmet restricted)
rPois   .            (no amulet)
rElec   .            (no ring)
rCorr   .            (no ring)
SInv    .            (no ring)
Will    .....        (no ring)
Stlth   +++          (no ring)
HPRegen 0.25/turn    (no ring)
MPRegen 0.09/turn    (no ring)
                     (no ring)

%: no passive effects
@: no status effects
A: almost no armour, amphibious, 8 rings, camouflage 1, gelatinous body 1,
(nimble swimmer 1), tentacles
a: no special abilities


You were on level 3 of the Dungeon.
You visited 1 branch of the dungeon, and saw 3 of its levels.

You collected 61 gold pieces.

Inventory:

Hand Weapons
 a - a +0 war axe of electrocution (weapon)
Armour
 b - a +0 buckler (worn)
Scrolls
 e - a scroll of immolation {unknown}
 f - a scroll of brand weapon
 g - a scroll of poison {unknown}
Potions
 c - a potion of might
 d - 2 potions of curing {unknown}
 h - a potion of lignification {unknown}
 i - a potion of cancellation {unknown}


   Skills:
 + Level 3.4 Fighting
 + Level 2.9 Axes
 + Level 3.3 Dodging
 + Level 2.0 Stealth
 + Level 3.3 Shields


You had 3 spell levels left.
You didn't know any spells.
Your spell library was empty.

Dungeon Overview and Level Annotations

Branches:
Dungeon (3/15)

Altars:


Innate Abilities, Weirdness & Mutations

You cannot wear most types of armour.
You are amphibious.
You can wear up to eight rings at the same time.
Your skin changes colour to match your surroundings (Stealth+).
Your rubbery body absorbs attacks. (AC +1, EV +1)
((You are camouflaged when in or above water. (Stealth+)))
You have tentacles for arms and can constrict up to eight enemies at once.


Message History

You hit the jackal. The jackal bites you. The jackal closely misses you.
Found a stone staircase leading down.
The jackal misses you. The jackal bites you.
Things that are here:
a +0 dagger; a kobold corpse You barely miss the jackal.
You grab the jackal.
The jackal is almost dead.
You constrict the jackal!
You kill the jackal!
Your Stealth skill increases to level 2!
Things that are here:
a jackal corpse; an adder corpse
Things that are here:
a +0 dagger; a kobold corpse You see here a jackal corpse.
Found 8 stones.
Found a thin glowing staff.
Found a scroll labelled GYLLOI WANTEM.
A quokka comes into view.
A dart slug comes into view.
The dart slug moves out of view.
A gnoll comes into view. It is wielding a +0 club.
An orc comes into view. It is wielding a +0 flail.
The gnoll shouts!
You hear a shout!
A gnoll comes into view.
It is wielding a +2 whip of electrocution.
The orc shouts!
You slash the quokka!
You kill the quokka!
You hear a shout! x2
A gnoll comes into view. It is wielding a +0 whip.
The gnoll hits you with a +2 whip of electrocution.
You are electrocuted!
The gnoll closely misses you.
You barely miss the gnoll. You grab the gnoll.
You hit the gnoll but do no damage. Lightning courses through the gnoll!
You kill the gnoll!
You constrict the gnoll. You block the gnoll's attack.
The gnoll hits you with a +2 whip of electrocution!
* * * LOW HITPOINT WARNING * * *
You are electrocuted!
You die...

........ ..#....
####.#.....
.#..........
...........
.g........
#g#.#...# #..
##@#.#...# #...
#)...o...#.
#....#............
#...#.†..###.....
#|..#.....##...#.
#..........?.....
#...............
#..#............
##..............


You could see 2 gnolls and an orc.

Vanquished Creatures
  A gnoll (D:3)
  An adder (D:3)
  A ribbon worm (D:2)
  A dart slug (D:2)
  A ball python (D:2)
  5 endoplasms
  2 giant cockroaches (D:1)
  6 goblins (D:1)
  3 hobgoblins (D:1)
  7 jackals
  5 kobolds
  A quokka (D:3)
  9 bats
  2 frilled lizards (D:1)
  7 rats
52 creatures vanquished.

Notes
Turn   | Place    | Note
-------+----------+-------------------------------------------
     0 | D:1      | Dorkslayer the Octopode Fighter began the quest for the
                  | Orb.
     0 | D:1      | Reached XP level 1. HP: 16/16 MP: 1/1
    62 | D:1      | Reached skill level 1 in Stealth
    62 | D:1      | Reached XP level 2. HP: 17/21 MP: 2/2
   148 | D:1      | Reached XP level 3. HP: 9/26 MP: 3/3
   653 | D:2      | Found a faded altar of an unknown god.
  1301 | D:3      | Reached XP level 4. HP: 27/31 MP: 4/4
  1329 | D:3      | Slain by a gnoll

Illustrated notes

Levels and vault maps discovered:
D:1:      matt_arrival_grand_opening, layout_rooms
D:2:      layout_basic, hellmonk_ecumenical_altar_leap_of_faith
D:3:      layout_rooms

Skill      XL: |  1  2  3  4 |
---------------+-------------+-----
Stealth        | 1 2 |  2.0
Fighting       | |  3.4
Axes           | |  2.9
Dodging        | |  3.3
Shields        | |  3.3

Action                     |  1- 3 |  4- 6 || total
---------------------------+-------+-------++-------
  Melee: War axe           |    64 |     6 ||    70
         Constrict         |    16 |     2 ||    18
         Tentacles         |     5 |       ||     5
    Use: Scroll            |     1 |       ||     1
   Stab: Sleeping          |     8 |       ||     8
 Armour: Skin              |    33 |     6 ||    39
  Dodge: Dodged            |    47 |     6 ||    53
  Block: Buckler           |    27 |     3 ||    30

Table legend: (Time is in decaauts)
 A = Elapsed time spent in this place.
 B = Non-inter-level travel time spent in this place.
 C = Inter-level travel time spent in this place.
 D = Time resting spent in this place.
 E = Time spent auto-exploring this place.
 F = Levels seen in this place.
 G = Mean time per level.
                   A        B        C        D        E       F      G
               +--------+--------+--------+--------+--------+-----+--------+
         Total |   1358 |   1358 |      0 |      0 |    819 |   3 |  452.7 |
       Dungeon |   1358 |   1358 |      0 |      0 |    819 |   3 |  452.7 |
               +--------+--------+--------+--------+--------+-----+--------+

Top non-repeatable levels by time:
     D:2: 850 daAuts
     D:1: 471 daAuts
     D:3: 36 daAuts
